 Dungeon Crawl Stone Soup version 0.28.0-43-g3370ac3207 (webtiles) character file.

Game seed: 9708718773048660820

10 jimonade the Poker (level 2, -3/29 HPs)
             Began as a Gnoll Cinder Acolyte on Mar 13, 2022.
             Was a High Priest of Ignis.
             Engulfed by a cloud of flame (13 damage)
             ... on level 1 of the Dungeon.
             The game lasted 00:02:23 (1226 turns).

jimonade the Poker (Gnoll Cinder Acolyte)           Turns: 1226, Time: 00:02:23

Health: -3/29      AC:  2    Str: 13    XL:     2   Next: 20%
Magic:  5/5        EV: 11    Int: 13    God:    Ignis [*****.]
Gold:   13         SH:  0    Dex:  7    Spells: 4/6 levels left

rFire   + . .      SeeInvis .   a - -1 spear (flame)
rCold   . . .      Faith    .   (no shield)
rNeg    . . .      Spirit   .   b - +0 robe
rPois   .          Reflect  .   (no helmet)
rElec   .          Harm     .   (no cloak)
rCorr   .          Rampage  .   (no gloves)
Will    .....                   (no boots)
Stlth   +.........              (no amulet)
HPRegen 0.09/turn               (no ring)
MPRegen 0.09/turn               (no ring)

@: no status effects
A: fangs 1, strong nose, distributed training
a: Renounce Religion, Fiery Armour, Foxfire Swarm, Rising Flame


You were on level 1 of the Dungeon.
You worshipped Ignis.
Ignis was extremely pleased with you.
You visited 1 branch of the dungeon, and saw 1 of its levels.

You collected 13 gold pieces.

Inventory:

Hand Weapons
 a - a -1 spear of flaming (weapon)
 e - a +0 battleaxe
Armour
 b - a +0 robe (worn)
 d - a +0 cloak
 f - a +0 robe
Potions
 c - 2 potions of curing {unknown}


   Skills:
 + Level 6.4 Fighting
 + Level 0.3 Short Blades
 + Level 0.3 Long Blades
 + Level 0.3 Axes
 + Level 0.3 Maces & Flails
 + Level 6.4 Polearms
 + Level 0.3 Staves
 + Level 0.3 Slings
 + Level 0.3 Bows
 + Level 0.3 Crossbows
 + Level 0.3 Throwing
 + Level 0.3 Armour
 + Level 0.3 Dodging
 + Level 0.3 Stealth
 + Level 0.3 Shields
 + Level 0.3 Unarmed Combat
 + Level 2.7 Spellcasting
 + Level 0.2 Conjurations
 + Level 0.2 Hexes
 + Level 0.2 Summonings
 + Level 0.2 Necromancy
 + Level 0.2 Translocations
 + Level 0.2 Transmutations
 + Level 5.3 Fire Magic
 + Level 0.2 Ice Magic
 + Level 0.2 Air Magic
 + Level 0.2 Earth Magic
 + Level 0.2 Poison Magic
 + Level 0.4 Invocations
 + Level 0.3 Evocations


You had 4 spell levels left.
You knew the following spells:

 Your Spells              Type           Power      Damage    Failure   Level
a - Scorch                Fire           30%        2d7       4%          2

Your spell library contained the following spells:

 Spells                   Type           Power      Damage    Failure   Level


Dungeon Overview and Level Annotations

Branches:
Dungeon (1/15)

Altars:


Innate Abilities, Weirdness & Mutations

You have very sharp teeth.
Your uncanny sense of smell can sniff out nearby items.
Your experience applies equally to all skills.


Message History

Really walk into a travel-excluded area?
Uppercase [Y]es or [N]o only, please.
Really walk into a travel-excluded area?
Okay, then.
Really walk into a travel-excluded area?
Really walk into a travel-excluded area?
You see here a +0 battleaxe.
e - a +0 battleaxe You start resting.
HP restored.
Really walk into a travel-excluded area?
Really walk into that cloud of flame?
You are engulfed in blazing flames.
You resist.
You see here a golden potion.
You are engulfed in blazing flames.
You resist.
Really walk into that cloud of flame?
Okay, then.
Really walk into that cloud of flame?
Okay, then.
Really walk into that cloud of flame?
Okay, then.
Really walk into that cloud of flame?
Okay, then.
Really walk into that cloud of flame?
Okay, then.
Unknown command.
Really walk into that cloud of flame?
You are engulfed in blazing flames.
You resist.
* * * LOW HITPOINT WARNING * * *
You start resting.
HP restored.
You start waiting.
Done waiting.
Really walk into that cloud of flame?
You are engulfed in blazing flames.
You resist.
You see here a +0 robe.
f - a +0 robe You are engulfed in blazing flames.
You resist.
You are engulfed in blazing flames.
You resist.
You die...

.........# #○§☼# #....>..# #
#####....#####...#####.......#
# #####.§○°.....§§.........# #
#..°○.....☼○○........# #
#.§§○.....☼§°..#######
######...#####.# #§○§# # #○○°#
#§☼@# #...# ##........#
##########


There were no monsters in sight!

Vanquished Creatures
  A ball python (D:1)
  A bat (D:1)
  2 giant cockroaches (D:1)
  3 goblins (D:1)
  A rat (D:1)
8 creatures vanquished.

Vanquished Creatures (others)
  A rat (D:1)
1 creature vanquished.

Grand Total: 9 creatures vanquished

Notes
Turn   | Place    | Note
-------+----------+-------------------------------------------
     0 | D:1      | jimonade the Gnoll Cinder Acolyte began the quest for the
                  | Orb.
     0 | D:1      | Reached XP level 1. HP: 23/23 MP: 4/4
    84 | D:1      | Found a faded altar of an unknown god.
   221 | D:1      | Reached XP level 2. HP: 7/29 MP: 5/5
   480 | D:1      | Learned a level 2 spell: Scorch
  1226 | D:1      | Engulfed by a cloud of flame

Illustrated notes

Levels and vault maps discovered:
D:1:      dpeg_arrival_shelter, layout_rooms, basic_ecumenical_altar,
          grunt_decor_clamped, lemuel_flame_loot_1

Action                   || total
-------------------------++-------
Melee: Spear             ||    22
       Bite              ||     2
 Cast: Scorch            ||     2
Dodge: Dodged            ||     6
